Moose vs Barracuda

Created - Sunday, January 24, 2016 at 02:51

Goals
1 2 3 T
Moose 0 1 0 1
Barracuda 0 0 0 0
Shots
1 2 3 T
Moose 11 9 6 26
Barracuda 9 5 4 18

1st period

No Goal

Penalties :
Danny Syvret (SJO) for Fighting (Major) at 2:42, Ryan Malone (MAN) for Fighting (Major) at 2:42, JC Lipon (SJO) for Holding (Minor) at 6:11, Rob Flick (MAN) for Boarding (Minor) at 10:48

2nd period

1. Moose , Cedric Paquette 11 (Josh Jooris) at 0:06

Penalties :
Mark Fistric (SJO) for Fighting (Major) at 5:05, Rasmus Rissanen (MAN) for Fighting (Major) at 5:05, Joel Edmundson (MAN) for Hooking (Minor) at 5:22, Ryan Malone (MAN) for Hooking (Minor) at 10:53, Alexandre Bolduc (SJO) for Roughing (Minor) at 18:33

3rd period

No Goal

Penalties :
Eric Selleck (SJO) for Slashing (Minor) at 1:14, Joel Edmundson (MAN) for High sticking (Minor) at 5:53, Danny Syvret (SJO) for Fighting (Major) at 8:41, Brady Austin (MAN) for Fighting (Major) at 8:41, Danny Syvret (SJO) for instigated a fight (Minor) at 8:41, Danny Syvret (SJO) for instigated a fight (10 Minutes Misconduct) at 8:41, Mike Halmo (SJO) for Cross-checking (Minor) at 15:20, Jordan Samuels-Thomas (SJO) for Hooking (Minor) at 19:28

Goalie Stats

Sam Brittain (MAN), 18 saves from 18 shots - (1.000), W, 19-6-8, 60:00 minutes
Calvin Pickard (SJO), 25 saves from 26 shots - (0.962), L, 15-8-9, 60:00 minutes

Players Stats for Moose

Player Name              G  A  P  +/- PIM S  H  SB GA TA FO     MP     PP MP  PK MP  
------------------------------------------------------------------------------------
Brady Austin             0  0  0   0  5   1  0  3  0  3  0/0    18:46   3:33   3:27 
Cedric Paquette          1  0  1   1  0   3  1  1  6  2  3/14   22:18   4:50   4:23 
Cody Kunyk               0  0  0   0  0   0  0  0  0  0  0/0     8:06   1:18   0:00 
Colin Smith              0  0  0   0  0   1  0  1  1  0  1/2    14:39   0:00   2:13 
Daniil Tarasov           0  0  0   0  0   3  0  1  2  1  1/1    18:46   5:10   0:00 
Dylan Blujus             0  0  0   0  0   0  0  0  1  1  0/0    15:27   0:00   2:49 
Garret Ross              0  0  0   0  0   3  0  0  4  0  0/0    18:46   5:10   0:00 
Greg McKegg              0  0  0   0  0   4  0  0  2  0  7/15   20:43   5:34   1:11 
Joel Edmundson           0  0  0   1  4   2  1  0  1  2  0/0    19:55   6:14   1:40 
Jordon Southorn          0  0  0   0  0   0  1  0  1  3  0/0    14:05   0:44   0:00 
Josh Jooris              0  1  1   1  0   4  2  2  5  0  1/1    20:57   4:50   3:39 
Michael Schumacher       0  0  0   0  0   0  2  1  0  0  0/0    13:16   0:00   2:19 
Rasmus Rissanen          0  0  0   1  5   0  0  1  1  1  0/0    22:59   6:14   2:30 
Rob Flick                0  0  0   0  2   2  0  1  0  0  2/5    10:47   0:02   0:23 
Ryan Malone              0  0  0   1  7   2  1  0  2  0  0/0    17:51   3:58   1:05 
Ryan Rupert              0  0  0   0  0   0  1  1  0  0  0/0     4:19   0:26   0:39 
Scott Mayfield           0  0  0   0  0   1  3  0  1  2  0/0    22:18   4:07   4:03 
Thomas Larkin            0  0  0   0  0   0  2  0  0  0  0/0     7:59   0:00   1:23 

Players Stats for Barracuda

Player Name              G  A  P  +/- PIM S  H  SB GA TA FO     MP     PP MP  PK MP  
------------------------------------------------------------------------------------
Alexandre Bolduc         0  0  0  -1  2   0  2  0  1  0  0/0    20:35   3:48   5:51 
Ben Chiarot              0  0  0  -1  0   5  1  2  2  3  0/0    21:08   4:26   6:33 
Danny Syvret             0  0  0   0  22  0  2  0  0  1  0/0    15:16   3:30   0:57 
David Van Der Gulik      0  0  0   0  0   4  1  0  4  1  1/1    17:06   3:47   0:00 
Dominik Uher             0  0  0   0  0   0  0  0  2  1  6/9    19:00   3:40   2:12 
Eric Selleck             0  0  0   0  2   1  3  0  0  2  0/0    18:41   3:47   0:45 
JC Lipon                 0  0  0   0  2   0  2  0  0  1  0/1    14:07   0:00   0:00 
Joel Armia               0  0  0  -1  0   0  0  0  3  0  0/0    15:10   4:09   2:12 
Joey Mormina             0  0  0   0  0   0  0  0  0  0  0/0     6:11   0:00   0:00 
John Kurtz               0  0  0   0  0   0  1  0  0  0  0/0     6:12   0:00   0:31 
Jordan Samuels-Thomas    0  0  0   0  2   0  0  0  0  0  0/0     4:13   0:28   0:00 
Klas Dahlbeck            0  0  0  -1  0   3  2  3  0  2  0/0    24:59   4:26   6:33 
Mark Fistric             0  0  0   0  5   0  0  0  0  3  0/0    14:46   0:00   3:04 
Mark McNeill             0  0  0  -1  0   3  0  0  5  2  15/22  22:49   4:09   6:03 
Maxime Fortunus          0  0  0   0  0   0  2  0  0  0  0/0    22:56   3:30   3:53 
Mike Halmo               0  0  0   0  2   2  0  0  1  0  0/1    16:43   0:00   2:32 
Rylan Schwartz           0  0  0   0  0   0  0  0  1  2  1/4    14:53   0:00   0:46 
Taylor Chorney           0  0  0   0  0   0  1  0  0  0  0/0    14:49   0:00   0:00 

3 Stars

1 - Sam Brittain (MAN)
2 - Calvin Pickard (SJO)
3 - Cedric Paquette (MAN)

Power Play

Moose - 0 on 6 Attempt(s) - 0.00%
Barracuda - 0 on 4 Attempt(s) - 0.00%

Penalty Kill

Moose - 4 on 4 Attempt(s) - 100.00% - Score 0 goal in Penalty Kill
Barracuda - 6 on 6 Attempt(s) - 100.00% - Score 0 goal in Penalty Kill

Team Stat

Moose - Hits : 14 - Faceoff Wins : 15 - Blocked Shots : 12 - Penalty Minutes : 23
Barracuda - Hits : 17 - Faceoff Wins : 23 - Blocked Shots : 5 - Penalty Minutes : 37

Official

Referees : Unknown
Linesman : Unknown

Game Notes

Ryan Malone beats up Danny Syvret at 2:42 of 1st period
8:00 of 1st period - Moose goal is going for a video replay. After video review, No Goal. The puck has been directed, batted or thrown into the net by an attacking player other than with a stick.
Mark Fistric beats up Rasmus Rissanen at 5:05 of 2nd period
Brady Austin beats up Danny Syvret at 8:41 of 3rd period

Finance

Level 1 -- Attendance: 1487 (74.35%) -- Ticket Income $52,045
Level 2 -- Attendance: 694 (69.40%) -- Ticket Income $10,410
Total Attendance: 2181 (72.70%)
Total Ticket Income: $62,455
Other Income: $30,603
Total Income: $93,058

Moose

5 vs 5 Forward 
   Center                   Left Wing                Right Wing               Time % Phy DF OF 
 1 Cedric Paquette          Ryan Malone              Josh Jooris              35     1   2  2  
 2 Greg McKegg              Garret Ross              Daniil Tarasov           30     1   2  2  
 3 Colin Smith              Michael Schumacher       Cedric Paquette          22     1   2  2  
 4 Rob Flick                Josh Jooris              Ryan Malone              13     1   2  2  

5 vs 5 Defense 
   Defense                  Defense                                           Time % Phy DF OF 
 1 Rasmus Rissanen          Joel Edmundson                                    35     1   2  2  
 2 Scott Mayfield           Brady Austin                                      30     1   2  2  
 3 Jordon Southorn          Dylan Blujus                                      22     1   2  2  
 4 Thomas Larkin            Rasmus Rissanen                                   13     1   2  2  

PowerPlay Forward 
   Center                   Left Wing                Right Wing               Time % Phy DF OF 
 1 Cedric Paquette          Ryan Malone              Josh Jooris              60     1   2  2  
 2 Greg McKegg              Garret Ross              Daniil Tarasov           40     1   2  2  

PowerPlay Defense
   Defense                  Defense                                           Time % Phy DF OF 
 1 Rasmus Rissanen          Joel Edmundson                                    60     1   2  2  
 2 Scott Mayfield           Brady Austin                                      40     1   2  2  

Penalty Kill 4 Players Forward 
   Center                   Wing                     Time % Phy DF OF 
 1 Cedric Paquette          Josh Jooris              60     1   2  2  
 2 Ryan Malone              Greg McKegg              40     1   2  2  

Penalty Kill 4 Players Defense
   Defense                  Defense                  Time % Phy DF OF 
 1 Rasmus Rissanen          Joel Edmundson           60     1   2  2  
 2 Scott Mayfield           Brady Austin             40     1   2  2  

Penalty Kill - 3 Players Forward 
   Forward                                           Time % Phy DF OF 
 1 Cedric Paquette                                   60     1   2  2  
 2 Josh Jooris                                       40     1   2  2  

Penalty Kill - 3 Players Defense
   Defense                  Defense                  Time % Phy DF OF 
 1 Rasmus Rissanen          Joel Edmundson           60     1   2  2  
 2 Scott Mayfield           Brady Austin             40     1   2  2  

4 vs 4 Forward 
   Center                   Wing                     Time % Phy DF OF 
 1 Cedric Paquette          Josh Jooris              60     1   2  2  
 2 Ryan Malone              Greg McKegg              40     1   2  2  

4 vs 4 Defense
   Defense                  Defense                  Time % Phy DF OF 
 1 Rasmus Rissanen          Joel Edmundson           60     1   2  2  
 2 Scott Mayfield           Brady Austin             40     1   2  2  

Last Minutes Offensive
   Center                   Left Wing                Right Wing               Defense                  Defense                  
   Cedric Paquette          Ryan Malone              Josh Jooris              Rasmus Rissanen          Joel Edmundson           

Last Minutes Defensive
   Center                   Left Wing                Right Wing               Defense                  Defense                  
   Cedric Paquette          Ryan Malone              Josh Jooris              Rasmus Rissanen          Joel Edmundson           

Goaltenders
Starting : Sam Brittain             
Backup : Antoine Bibeau           

Extra Forwards
Normal : Cody Kunyk, Ryan Rupert, Colin Smith - PP : Cody Kunyk, Ryan Rupert - PK : Colin Smith
Extra Defensemen
Normal : Jordon Southorn, Dylan Blujus, Thomas Larkin - PP : Jordon Southorn - PK : Dylan Blujus, Thomas Larkin
Penalty Shots
Cedric Paquette, Josh Jooris, Ryan Malone, Greg McKegg, Garret Ross

Barracuda

5 vs 5 Forward 
   Center                   Left Wing                Right Wing               Time % Phy DF OF 
 1 Mark McNeill             Alexandre Bolduc         Joel Armia               35     1   2  2  
 2 Dominik Uher             Eric Selleck             David Van Der Gulik      30     1   2  2  
 3 Rylan Schwartz           Mike Halmo               JC Lipon                 22     1   2  2  
 4 Mark McNeill             John Kurtz               Alexandre Bolduc         13     1   2  2  

5 vs 5 Defense 
   Defense                  Defense                                           Time % Phy DF OF 
 1 Klas Dahlbeck            Ben Chiarot                                       35     1   2  2  
 2 Danny Syvret             Maxime Fortunus                                   30     1   2  2  
 3 Taylor Chorney           Mark Fistric                                      22     1   2  2  
 4 Joey Mormina             Klas Dahlbeck                                     13     1   2  2  

PowerPlay Forward 
   Center                   Left Wing                Right Wing               Time % Phy DF OF 
 1 Mark McNeill             Alexandre Bolduc         Joel Armia               60     1   2  2  
 2 Dominik Uher             Eric Selleck             David Van Der Gulik      40     1   2  2  

PowerPlay Defense
   Defense                  Defense                                           Time % Phy DF OF 
 1 Klas Dahlbeck            Ben Chiarot                                       60     1   2  2  
 2 Danny Syvret             Maxime Fortunus                                   40     1   2  2  

Penalty Kill 4 Players Forward 
   Center                   Wing                     Time % Phy DF OF 
 1 Mark McNeill             Alexandre Bolduc         60     1   2  2  
 2 Joel Armia               Dominik Uher             40     1   2  2  

Penalty Kill 4 Players Defense
   Defense                  Defense                  Time % Phy DF OF 
 1 Klas Dahlbeck            Ben Chiarot              60     1   2  2  
 2 Danny Syvret             Maxime Fortunus          40     1   2  2  

Penalty Kill - 3 Players Forward 
   Forward                                           Time % Phy DF OF 
 1 Mark McNeill                                      60     1   2  2  
 2 Alexandre Bolduc                                  40     1   2  2  

Penalty Kill - 3 Players Defense
   Defense                  Defense                  Time % Phy DF OF 
 1 Klas Dahlbeck            Ben Chiarot              60     1   2  2  
 2 Danny Syvret             Maxime Fortunus          40     1   2  2  

4 vs 4 Forward 
   Center                   Wing                     Time % Phy DF OF 
 1 Mark McNeill             Alexandre Bolduc         60     1   2  2  
 2 Joel Armia               Dominik Uher             40     1   2  2  

4 vs 4 Defense
   Defense                  Defense                  Time % Phy DF OF 
 1 Klas Dahlbeck            Ben Chiarot              60     1   2  2  
 2 Danny Syvret             Maxime Fortunus          40     1   2  2  

Last Minutes Offensive
   Center                   Left Wing                Right Wing               Defense                  Defense                  
   Mark McNeill             Alexandre Bolduc         Joel Armia               Klas Dahlbeck            Ben Chiarot              

Last Minutes Defensive
   Center                   Left Wing                Right Wing               Defense                  Defense                  
   Mark McNeill             Alexandre Bolduc         Joel Armia               Klas Dahlbeck            Ben Chiarot              

Goaltenders
Starting : Calvin Pickard           
Backup : Joey MacDonald           

Extra Forwards
Normal : Jordan Samuels-Thomas, Rylan Schwartz, Mike Halmo - PP : Jordan Samuels-Thomas, Rylan Schwartz - PK : Mike Halmo
Extra Defensemen
Normal : Taylor Chorney, Mark Fistric, Joey Mormina - PP : Taylor Chorney - PK : Mark Fistric, Joey Mormina
Penalty Shots
Mark McNeill, Alexandre Bolduc, Joel Armia, Dominik Uher, Rylan Schwartz

% Time on Ice - Moose

Lines # - Real PCT - Wanted PCT - Time Play
Normal Forward
1 - 13% - 35% - 5:10
2 - 40% - 30% - 16:36
3 - 26% - 22% - 10:39
4 - 21% - 13% - 8:46
Normal Defense
1 - 27% - 35% - 11:06
2 - 34% - 30% - 14:03
3 - 24% - 22% - 10:05
4 - 14% - 13% - 5:57
PP Forward
1 - 47% - 60% - 4:52
2 - 53% - 40% - 5:34
PP Defense
1 - 60% - 60% - 6:14
2 - 40% - 40% - 4:12
PK Forward
1 - 85% - 60% - 6:45
2 - 15% - 40% - 1:11
PK Defense
1 - 57% - 60% - 4:29
2 - 43% - 40% - 3:27
PK3 Forward
1 - 0% - 60%
2 - 0% - 40%
PK3 Defense
1 - 0% - 60%
2 - 0% - 40%
44 Forward
1 - 0% - 60%
2 - 0% - 40%
44 Defense
1 - 0% - 60%
2 - 0% - 40%
Last Minute Offensive  - 0:00
Last Minute Defensive  - 0:27
Total
Forward - 60:00
Defense - 60:00

% Time on Ice - Barracuda

Lines # - Real PCT - Wanted PCT - Time Play
Normal Forward
1 - 22% - 35% - 9:13
2 - 33% - 30% - 13:49
3 - 33% - 22% - 13:38
4 - 12% - 13% - 4:58
Normal Defense
1 - 24% - 35% - 10:09
2 - 37% - 30% - 15:33
3 - 28% - 22% - 11:29
4 - 11% - 13% - 4:27
PP Forward
1 - 52% - 60% - 4:09
2 - 48% - 40% - 3:47
PP Defense
1 - 56% - 60% - 4:26
2 - 44% - 40% - 3:30
PK Forward
1 - 79% - 60% - 8:14
2 - 21% - 40% - 2:12
PK Defense
1 - 63% - 60% - 6:33
2 - 37% - 40% - 3:53
PK3 Forward
1 - 0% - 60%
2 - 0% - 40%
PK3 Defense
1 - 0% - 60%
2 - 0% - 40%
44 Forward
1 - 0% - 60%
2 - 0% - 40%
44 Defense
1 - 0% - 60%
2 - 0% - 40%
Last Minute Offensive  - 0:00
Last Minute Defensive  - 0:00
Total
Forward - 60:00
Defense - 60:00

Play by Play

1st period


0:01 of 1st period - Cedric Paquette wins face-off versus Mark McNeill in neutral zone.
0:18 of 1st period - Wrist shot by Josh Jooris.
0:18 of 1st period - Stopped by Calvin Pickard with a rebound.
0:20 of 1st period - Wrist shot by Ryan Malone.
0:20 of 1st period - Shot Blocked by Ben Chiarot.
0:22 of 1st period - Wrist shot by Josh Jooris.
0:22 of 1st period - Stopped by Calvin Pickard with a rebound.
0:24 of 1st period - Snap shot by Cedric Paquette.
0:24 of 1st period - Stopped by Calvin Pickard with a rebound.
0:26 of 1st period - Wrist shot by Josh Jooris.
0:26 of 1st period - Shot Misses the Net.
0:36 of 1st period - Wrist shot by Josh Jooris.
0:36 of 1st period - Deflect By Ryan Malone.
0:36 of 1st period - Stopped by Calvin Pickard without a rebound.
0:37 of 1st period - Dominik Uher wins face-off versus Greg McKegg in Barracuda zone.
0:51 of 1st period - Icing by Brady Austin.
0:52 of 1st period - David Van Der Gulik wins face-off versus Greg McKegg in Moose zone.
0:53 of 1st period - Wrist shot by Eric Selleck.
0:53 of 1st period - Stopped by Sam Brittain without a rebound.
0:54 of 1st period - Dominik Uher wins face-off versus Greg McKegg in Moose zone.
1:02 of 1st period - Icing by Scott Mayfield.
1:03 of 1st period - Daniil Tarasov wins face-off versus Rylan Schwartz in Moose zone.
2:42 of 1st period - Ryan Malone beats up Danny Syvret.
2:42 of 1st period - Penalty to Danny Syvret for Fighting.
2:42 of 1st period - Penalty to Ryan Malone for Fighting.
2:43 of 1st period - Rob Flick wins face-off versus Dominik Uher in Moose zone.
2:54 of 1st period - Snap shot by David Van Der Gulik.
2:54 of 1st period - Stopped by Sam Brittain with a rebound.
2:56 of 1st period - Slapshot by Klas Dahlbeck.
2:56 of 1st period - Shot Blocked by Rob Flick.
5:07 of 1st period - Wrist shot by Dominik Uher.
5:07 of 1st period - Shot Misses the Net.
5:09 of 1st period - Wrist shot by David Van Der Gulik.
5:09 of 1st period - Stopped by Sam Brittain with a rebound.
5:13 of 1st period - Snap shot by Eric Selleck.
5:13 of 1st period - Shot Blocked by Josh Jooris.
5:23 of 1st period - Snap shot by Mark McNeill.
5:23 of 1st period - Shot Misses the Net.
5:25 of 1st period - Snap shot by Klas Dahlbeck.
5:25 of 1st period - Deflect By Mark McNeill.
5:25 of 1st period - Shot Misses the Net.
5:25 of 1st period - Puck is out of play.
5:26 of 1st period - Mark McNeill wins face-off versus Rob Flick in Moose zone.
5:27 of 1st period - Slapshot by Ben Chiarot.
5:27 of 1st period - Stopped by Sam Brittain with a rebound.
5:29 of 1st period - Slapshot by Alexandre Bolduc.
5:29 of 1st period - Shot Misses the Net.
5:31 of 1st period - Snap shot by Mark McNeill.
5:31 of 1st period - Shot Blocked by Rasmus Rissanen.
5:33 of 1st period - Slapshot by Klas Dahlbeck.
5:33 of 1st period - Deflect By Josh Jooris.
5:33 of 1st period - Stopped by Sam Brittain with a rebound.
5:35 of 1st period - Slapshot by Ben Chiarot.
5:35 of 1st period - Shot Blocked by Ryan Rupert.
5:37 of 1st period - Slapshot by Ben Chiarot.
5:37 of 1st period - Deflect By Josh Jooris.
5:37 of 1st period - Stopped by Sam Brittain without a rebound.
5:38 of 1st period - Rylan Schwartz wins face-off versus Rob Flick in Moose zone.
5:58 of 1st period - Icing by Rylan Schwartz.
5:59 of 1st period - Greg McKegg wins face-off versus JC Lipon in Barracuda zone.
6:11 of 1st period - Minor Penalty to JC Lipon for Holding.
6:12 of 1st period - Mark McNeill wins face-off versus Greg McKegg in Barracuda zone.
6:38 of 1st period - Snap shot by Daniil Tarasov.
6:38 of 1st period - Shot Misses the Net.
6:40 of 1st period - Slapshot by Greg McKegg.
6:40 of 1st period - Stopped by Calvin Pickard with a rebound.
7:42 of 1st period - Penalty to Danny Syvret is over, Danny Syvret is back on ice.
7:56 of 1st period - Wrist shot by Greg McKegg.
7:56 of 1st period - Shot Misses the Net.
7:58 of 1st period - Slapshot by Scott Mayfield.
7:58 of 1st period - Deflect By Garret Ross.
7:58 of 1st period - Stopped by Calvin Pickard with a rebound.
8:00 of 1st period - Slapshot by Daniil Tarasov.
8:00 of 1st period - Moose goal is going for a video replay.
8:00 of 1st period - The goal is refused. The puck has been directed, batted or thrown into the net by an attacking player other than with a stick..
8:01 of 1st period - Mark McNeill wins face-off versus Greg McKegg in Barracuda zone.
8:11 of 1st period - Penalty to JC Lipon is over, JC Lipon is back on ice.
9:33 of 1st period - Daniil Tarasov is hit by Eric Selleck and loses puck.
10:32 of 1st period - Snap shot by David Van Der Gulik.
10:32 of 1st period - Stopped by Sam Brittain with a rebound.
10:48 of 1st period - Minor Penalty to Rob Flick for Boarding.
10:49 of 1st period - Mark McNeill wins face-off versus Cedric Paquette in Moose zone.
10:58 of 1st period - Snap shot by Cedric Paquette.
10:58 of 1st period - Shot Misses the Net.
12:48 of 1st period - Penalty to Rob Flick is over, Rob Flick is back on ice.
14:18 of 1st period - Greg McKegg is hit by JC Lipon and loses puck.
16:46 of 1st period - Snap shot by Greg McKegg.
16:46 of 1st period - Stopped by Calvin Pickard without a rebound.
16:47 of 1st period - Greg McKegg wins face-off versus Mark McNeill in Barracuda zone.
17:59 of 1st period - Daniil Tarasov is hit by Danny Syvret and loses puck.
18:18 of 1st period - Jordon Southorn is hit by JC Lipon and loses puck.
18:27 of 1st period - JC Lipon is hit by Thomas Larkin and loses puck.
18:55 of 1st period - Snap shot by Mark McNeill.
18:55 of 1st period - Stopped by Sam Brittain with a rebound.
18:57 of 1st period - Wrist shot by Mark McNeill.
18:57 of 1st period - Stopped by Sam Brittain with a rebound.
19:13 of 1st period - Slapshot by Garret Ross.
19:13 of 1st period - Stopped by Calvin Pickard with a rebound.
19:15 of 1st period - Slapshot by Scott Mayfield.
19:15 of 1st period - Deflect By Taylor Chorney.
19:15 of 1st period - Stopped by Calvin Pickard with a rebound.
19:17 of 1st period - Slapshot by Brady Austin.
19:17 of 1st period - Stopped by Calvin Pickard with a rebound.
Goals for this period are 0 for Moose vs 0 for Barracuda.
Shots for this period are 11 for Moose vs 9 for Barracuda.

2nd period


0:01 of 2nd period - Cedric Paquette wins face-off versus Mark McNeill in neutral zone.
0:04 of 2nd period - Snap shot by Josh Jooris.
0:04 of 2nd period - Stopped by Calvin Pickard with a rebound.
0:06 of 2nd period - Snap shot by Cedric Paquette.
0:06 of 2nd period - Goal by Cedric Paquette - Moose : 1 - Barracuda : 0.
0:07 of 2nd period - Cedric Paquette wins face-off versus Mark McNeill in neutral zone.
0:23 of 2nd period - Slapshot by Mark McNeill.
0:23 of 2nd period - Shot Misses the Net.
0:25 of 2nd period - Wrist shot by Ben Chiarot.
0:25 of 2nd period - Deflect By Mark McNeill.
0:25 of 2nd period - Shot Blocked by Cedric Paquette.
0:25 of 2nd period - Puck is out of play.
0:26 of 2nd period - Mark McNeill wins face-off versus Cedric Paquette in Moose zone.
1:09 of 2nd period - Klas Dahlbeck is hit by Joel Edmundson and loses puck.
3:12 of 2nd period - Snap shot by David Van Der Gulik.
3:12 of 2nd period - Shot Misses the Net.
3:40 of 2nd period - Snap shot by Cedric Paquette.
3:40 of 2nd period - Shot Misses the Net.
3:42 of 2nd period - Wrist shot by Michael Schumacher.
3:42 of 2nd period - Shot Misses the Net.
4:00 of 2nd period - Slapshot by Ryan Malone.
4:00 of 2nd period - Stopped by Calvin Pickard with a rebound.
4:42 of 2nd period - Snap shot by Mike Halmo.
4:42 of 2nd period - Shot Misses the Net.
4:44 of 2nd period - Slapshot by Klas Dahlbeck.
4:44 of 2nd period - Shot Blocked by Josh Jooris.
4:48 of 2nd period - Slapshot by Mike Halmo.
4:48 of 2nd period - Stopped by Sam Brittain with a rebound.
4:50 of 2nd period - Slapshot by Ben Chiarot.
4:50 of 2nd period - Shot Misses the Net.
4:52 of 2nd period - Slapshot by Klas Dahlbeck.
4:52 of 2nd period - Stopped by Sam Brittain without a rebound.
4:53 of 2nd period - Greg McKegg wins face-off versus Rylan Schwartz in Moose zone.
5:02 of 2nd period - Snap shot by Mike Halmo.
5:02 of 2nd period - Stopped by Sam Brittain without a rebound.
5:03 of 2nd period - Dominik Uher wins face-off versus Greg McKegg in Moose zone.
5:05 of 2nd period - Mark Fistric beats up Rasmus Rissanen.
5:05 of 2nd period - Penalty to Mark Fistric for Fighting.
5:05 of 2nd period - Penalty to Rasmus Rissanen for Fighting.
5:06 of 2nd period - Dominik Uher wins face-off versus Colin Smith in Moose zone.
5:22 of 2nd period - Minor Penalty to Joel Edmundson for Hooking.
5:23 of 2nd period - Dominik Uher wins face-off versus Cedric Paquette in Moose zone.
6:15 of 2nd period - Josh Jooris is hit by Alexandre Bolduc and loses puck.
6:26 of 2nd period - Snap shot by Joel Armia.
6:26 of 2nd period - Shot Misses the Net.
7:10 of 2nd period - Maxime Fortunus is hit by Scott Mayfield and loses puck.
7:22 of 2nd period - Penalty to Joel Edmundson is over, Joel Edmundson is back on ice.
8:24 of 2nd period - Cody Kunyk is hit by Alexandre Bolduc and loses puck.
8:29 of 2nd period - Slapshot by Ben Chiarot.
8:29 of 2nd period - Shot Blocked by Michael Schumacher.
8:43 of 2nd period - Snap shot by Colin Smith.
8:43 of 2nd period - Shot Blocked by Klas Dahlbeck.
9:01 of 2nd period - Slapshot by Greg McKegg.
9:01 of 2nd period - Shot Blocked by Ben Chiarot.
9:25 of 2nd period - Danny Syvret is hit by Thomas Larkin and loses puck.
9:49 of 2nd period - Snap shot by Cedric Paquette.
9:49 of 2nd period - Stopped by Calvin Pickard with a rebound.
9:51 of 2nd period - Snap shot by Thomas Larkin.
9:51 of 2nd period - Shot Misses the Net.
10:45 of 2nd period - Slapshot by Rob Flick.
10:45 of 2nd period - Stopped by Calvin Pickard with a rebound.
10:53 of 2nd period - Minor Penalty to Ryan Malone for Hooking.
10:54 of 2nd period - Mark McNeill wins face-off versus Cedric Paquette in Moose zone.
11:47 of 2nd period - Alexandre Bolduc is hit by Michael Schumacher and loses puck.
12:15 of 2nd period - Snap shot by David Van Der Gulik.
12:15 of 2nd period - Stopped by Sam Brittain without a rebound.
12:16 of 2nd period - Dominik Uher wins face-off versus Rob Flick in Moose zone.
12:35 of 2nd period - Off-side.
12:36 of 2nd period - Mark McNeill wins face-off versus Cedric Paquette in neutral zone.
12:41 of 2nd period - Wrist shot by Mark McNeill.
12:41 of 2nd period - Deflect By Joel Armia.
12:41 of 2nd period - Shot Blocked by Brady Austin.
12:41 of 2nd period - Puck is out of play.
12:42 of 2nd period - Mark McNeill wins face-off versus Cedric Paquette in Moose zone.
12:53 of 2nd period - Penalty to Ryan Malone is over, Ryan Malone is back on ice.
13:27 of 2nd period - Wrist shot by Rylan Schwartz.
13:27 of 2nd period - Shot Misses the Net.
14:05 of 2nd period - Greg McKegg is hit by Maxime Fortunus and loses puck.
14:25 of 2nd period - Slapshot by Klas Dahlbeck.
14:25 of 2nd period - Stopped by Sam Brittain with a rebound.
14:45 of 2nd period - Ryan Malone is hit by David Van Der Gulik and loses puck.
15:59 of 2nd period - Danny Syvret is hit by Cedric Paquette and loses puck.
16:11 of 2nd period - JC Lipon is hit by Jordon Southorn and loses puck.
16:48 of 2nd period - Slapshot by Ryan Rupert.
16:48 of 2nd period - Shot Misses the Net.
18:20 of 2nd period - David Van Der Gulik is hit by Ryan Rupert and loses puck.
18:29 of 2nd period - Snap shot by Cedric Paquette.
18:29 of 2nd period - Deflect By Josh Jooris.
18:29 of 2nd period - Stopped by Calvin Pickard without a rebound.
18:30 of 2nd period - Rob Flick wins face-off versus Mark McNeill in Barracuda zone.
18:31 of 2nd period - Slapshot by Ryan Malone.
18:31 of 2nd period - Deflect By Rob Flick.
18:31 of 2nd period - Stopped by Calvin Pickard with a rebound.
18:33 of 2nd period - Minor Penalty to Alexandre Bolduc for Roughing.
18:34 of 2nd period - Greg McKegg wins face-off versus Mark McNeill in Barracuda zone.
18:37 of 2nd period - Snap shot by Daniil Tarasov.
18:37 of 2nd period - Shot Blocked by Klas Dahlbeck.
18:39 of 2nd period - Slapshot by Joel Edmundson.
18:39 of 2nd period - Stopped by Calvin Pickard with a rebound.
18:41 of 2nd period - Slapshot by Daniil Tarasov.
18:41 of 2nd period - Stopped by Calvin Pickard with a rebound.
19:24 of 2nd period - Greg McKegg is hit by John Kurtz and loses puck.
Goals for this period are 1 for Moose vs 0 for Barracuda.
Shots for this period are 9 for Moose vs 5 for Barracuda.

3rd period


0:01 of 3rd period - Mark McNeill wins face-off versus Cedric Paquette in neutral zone.
0:33 of 3rd period - Penalty to Alexandre Bolduc is over, Alexandre Bolduc is back on ice.
0:43 of 3rd period - Icing by Mark McNeill.
0:44 of 3rd period - Mark McNeill wins face-off versus Greg McKegg in Barracuda zone.
0:57 of 3rd period - Snap shot by Mark McNeill.
0:57 of 3rd period - Stopped by Sam Brittain without a rebound.
0:58 of 3rd period - Greg McKegg wins face-off versus Dominik Uher in Moose zone.
1:14 of 3rd period - Minor Penalty to Eric Selleck for Slashing.
1:15 of 3rd period - Mark McNeill wins face-off versus Cedric Paquette in Barracuda zone.
1:23 of 3rd period - Slapshot by Ben Chiarot.
1:23 of 3rd period - Shot Misses the Net.
1:31 of 3rd period - Klas Dahlbeck is hit by Josh Jooris.
2:03 of 3rd period - Slapshot by Garret Ross.
2:03 of 3rd period - Stopped by Calvin Pickard with a rebound.
2:29 of 3rd period - Snap shot by Greg McKegg.
2:29 of 3rd period - Stopped by Calvin Pickard with a rebound.
2:31 of 3rd period - Slapshot by Brady Austin.
2:31 of 3rd period - Deflect By Daniil Tarasov.
2:31 of 3rd period - Stopped by Calvin Pickard with a rebound.
2:33 of 3rd period - Snap shot by Greg McKegg.
2:33 of 3rd period - Shot Blocked by Klas Dahlbeck.
3:03 of 3rd period - Joel Armia is hit by Scott Mayfield and loses puck.
3:10 of 3rd period - Snap shot by Greg McKegg.
3:10 of 3rd period - Stopped by Calvin Pickard with a rebound.
3:14 of 3rd period - Penalty to Eric Selleck is over, Eric Selleck is back on ice.
3:14 of 3rd period - Snap shot by Garret Ross.
3:14 of 3rd period - Shot Misses the Net.
3:16 of 3rd period - Snap shot by Joel Edmundson.
3:16 of 3rd period - Deflect By Danny Syvret.
3:16 of 3rd period - Stopped by Calvin Pickard without a rebound.
3:17 of 3rd period - Greg McKegg wins face-off versus Rylan Schwartz in Barracuda zone.
3:28 of 3rd period - Wrist shot by Rylan Schwartz.
3:28 of 3rd period - Shot Blocked by Colin Smith.
4:20 of 3rd period - Cedric Paquette is hit by Eric Selleck and loses puck.
5:37 of 3rd period - Rasmus Rissanen is hit by Klas Dahlbeck and loses puck.
5:53 of 3rd period - Minor Penalty to Joel Edmundson for High sticking.
5:54 of 3rd period - Mark McNeill wins face-off versus Cedric Paquette in Moose zone.
5:54 of 3rd period - Slapshot by Ben Chiarot.
5:54 of 3rd period - Stopped by Sam Brittain with a rebound.
5:56 of 3rd period - Snap shot by Alexandre Bolduc.
5:56 of 3rd period - Shot Misses the Net.
6:20 of 3rd period - Klas Dahlbeck is hit by Josh Jooris and loses puck.
7:09 of 3rd period - Rasmus Rissanen is hit by Danny Syvret and loses puck.
7:14 of 3rd period - Slapshot by Ben Chiarot.
7:14 of 3rd period - Deflect By Colin Smith.
7:14 of 3rd period - Stopped by Sam Brittain without a rebound.
7:15 of 3rd period - Colin Smith wins face-off versus Dominik Uher in Moose zone.
7:26 of 3rd period - Backhand shot by Colin Smith.
7:26 of 3rd period - Stopped by Calvin Pickard without a rebound.
7:27 of 3rd period - Mark McNeill wins face-off versus Cedric Paquette in Barracuda zone.
7:35 of 3rd period - Icing by Mark McNeill.
7:36 of 3rd period - Josh Jooris wins face-off versus Mark McNeill in Barracuda zone.
7:45 of 3rd period - Snap shot by Josh Jooris.
7:45 of 3rd period - Shot Misses the Net.
7:53 of 3rd period - Penalty to Joel Edmundson is over, Joel Edmundson is back on ice.
8:41 of 3rd period - Brady Austin beats up Danny Syvret.
8:41 of 3rd period - Penalty to Danny Syvret for Fighting.
8:41 of 3rd period - Penalty to Brady Austin for Fighting.
8:41 of 3rd period - Penalty to Danny Syvret for instigated a fight.
8:41 of 3rd period - Penalty to Danny Syvret for instigated a fight.
8:42 of 3rd period - Mark McNeill wins face-off versus Greg McKegg in Moose zone.
10:41 of 3rd period - Penalty to Danny Syvret is over, David Van Der Gulik is send on ice.
12:20 of 3rd period - Garret Ross is hit by Maxime Fortunus and loses puck.
13:31 of 3rd period - Rylan Schwartz is hit by Michael Schumacher and loses puck.
13:59 of 3rd period - Mark McNeill is hit by Scott Mayfield.
14:33 of 3rd period - Snap shot by Eric Selleck.
14:33 of 3rd period - Shot Blocked by Brady Austin.
14:35 of 3rd period - Backhand shot by Ben Chiarot.
14:35 of 3rd period - Shot Blocked by Daniil Tarasov.
14:37 of 3rd period - Slapshot by Klas Dahlbeck.
14:37 of 3rd period - Shot Blocked by Brady Austin.
14:39 of 3rd period - Slapshot by Ben Chiarot.
14:39 of 3rd period - Stopped by Sam Brittain with a rebound.
15:06 of 3rd period - Josh Jooris is hit by Taylor Chorney and loses puck.
15:20 of 3rd period - Minor Penalty to Mike Halmo for Cross-checking.
15:21 of 3rd period - Mark McNeill wins face-off versus Cedric Paquette in Barracuda zone.
15:21 of 3rd period - Mark McNeill is hit by Ryan Malone.
17:14 of 3rd period - Greg McKegg is hit by Ben Chiarot.
17:20 of 3rd period - Penalty to Mike Halmo is over, Mike Halmo is back on ice.
17:24 of 3rd period - Jordon Southorn is hit by Klas Dahlbeck and loses puck.
18:39 of 3rd period - Michael Schumacher is hit by Eric Selleck and loses puck.
19:26 of 3rd period - Wrist shot by Josh Jooris.
19:26 of 3rd period - Shot Misses the Net.
19:28 of 3rd period - Minor Penalty to Jordan Samuels-Thomas for Hooking.
19:29 of 3rd period - Greg McKegg wins face-off versus Mike Halmo in Barracuda zone.
Goals for this period are 0 for Moose vs 0 for Barracuda.
Shots for this period are 6 for Moose vs 4 for Barracuda.